AoeStats
← iAlejandrouae

Arena

505672561Analyzed
2v2 RM · 22d ago on Sep 10, 2026· 50m 43s· 4 players
Game mode
Random Map
Map size
Medium (4 player)
Population
200
Speed
Normal
Resources
Standard
Victory
Conquest
Starting age
Dark Age
Ending age
Imperial Age
RankedLock teamsTeams togetherTeam positionsShared explorationLock speedFull tech treeHidden civsTurbo modeCheats
Victory
Defeat
🇹🇼 Magyars · Taiwan
1531
+15
🇹🇼 Cumans · Taiwan
1519
+16
🇦🇷 Georgians · Argentina
1598
-19
🇨🇴 Japanese · Colombia
1421
-12
uribeparacohp
5:05 Loom
8:06 Feudal Age
10:18 Fletching
20:57 Double-Bit Axe
26:32 Castle Age
25:40 Horse Collar
27:39 Bow Saw
27:34 Scale Mail Armor
34:59 Chain Mail Armor
41:44 Imperial Age
iAlejandrouae
8:00 Feudal Age
7:24 Loom
9:26 Fletching
15:37 Scale Mail Armor
22:51 Town Watch
23:17 Double-Bit Axe
28:31 Castle Age
27:16 Horse Collar
27:28 Gold Mining
29:21 Bow Saw
30:11 Wheelbarrow
32:12 Scale Barding Armor
33:26 Chain Barding Armor
35:12 Bloodlines
35:28 Forging
37:22 Iron Casting
40:26 Imperial Age
38:58 Hand Cart
39:19 Bodkin Arrow
40:09 Padded Archer Armor
40:38 Ballistics
39:49 Elite Skirmisher
41:44 Bracer
42:46 Chemistry
42:44 Plate Barding Armor
43:13 Leather Archer Armor
44:16 Blast Furnace
43:47 Elite Monaspa
46:50 Coinage
46:44 Masonry
48:18 Conscription
48:07 Svan Towers
50:01 Chain Mail Armor
49:14 Pikeman
49:54 Squires
49:42 Arson
49:55 Halberdier
51:18 Plate Mail Armor
戒賭胖
6:24 Loom
8:41 Feudal Age
16:47 Horse Collar
17:02 Double-Bit Axe
18:06 Fletching
22:23 Padded Archer Armor
26:42 Castle Age
28:04 Crossbowman
29:54 Bow Saw
29:59 Heavy Plow
29:57 Bodkin Arrow
32:19 Ballistics
32:09 Thumb Ring
36:51 Wheelbarrow
39:30 Imperial Age
39:11 Bloodlines
38:22 Light Cavalry
39:19 Leather Archer Armor
39:10 Scale Barding Armor
40:39 Parthian Tactics
41:22 Conscription
42:43 Chain Barding Armor
41:45 Capped Ram
42:14 Cavalier
43:09 Forging
45:03 Chemistry
45:49 Plate Barding Armor
45:49 Iron Casting
45:42 Elite Skirmisher
46:25 Hussar
47:51 Steppe Husbandry
49:03 Blast Furnace
48:15 Town Watch
51:33 Two-Man Saw
51:06 Crop Rotation
51:10 Ring Archer Armor
不疾不徐
5:40 Loom
8:35 Feudal Age
10:30 Double-Bit Axe
13:59 Loom
22:23 Fletching
26:52 Castle Age
25:27 Gold Mining
25:27 Stone Mining
25:34 Stone Mining
25:31 Horse Collar
28:34 Bodkin Arrow
29:51 Bow Saw
31:36 Wheelbarrow
38:04 Imperial Age
35:22 Town Watch
36:32 Scale Mail Armor
35:55 Pikeman
39:15 Chain Mail Armor
38:25 Halberdier
40:35 Conscription
41:05 Arson
41:54 Padded Archer Armor
42:16 Bracer
42:56 Leather Archer Armor
44:23 Ring Archer Armor
43:15 Elite Skirmisher
47:52 Ballistics
50:05 Chemistry
48:46 Treadmill Crane
50:35 Corvinian Army
50:47 Scale Barding Armor
Connection lost

Rejoining the realm…

Still unreachable

The connection could not be restored.

Session expired

The server has moved on; the page needs a fresh start.